 Dungeon Crawl Stone Soup version 0.29.0-15-g675c0067aa (webtiles) character file.

Game seed: 9897155737406091711

119 greasedhog the Sneak (level 5, 0/29 HPs)
             Began as a Gargoyle Wanderer on Sept 11, 2022.
             Slain by a gnoll
             ... wielding a +0 whip
              (5 damage)
             ... on level 2 of the Dungeon.
             The game lasted 00:04:01 (2802 turns).

greasedhog the Sneak (Gargoyle Wanderer)            Turns: 2802, Time: 00:04:01

Health: 0/29       AC: 10    Str: 15    XL:     5   Next: 3%
Magic:  9/9        EV: 10    Int: 12    God:
Gold:   47         SH:  0    Dex: 12    Spells: 10/10 levels left

rFire   . . .      SeeInvis .   a - +2 dagger
rCold   . . .      Faith    .   (no shield)
rNeg    + . .      Spirit   .   c - +1 ring mail
rPois   ∞          Reflect  .   (no helmet)
rElec   +          Harm     .   (no cloak)
rCorr   .          Rampage  .   (no gloves)
Will    .....                   (no boots)
Stlth   ++........              (no amulet)
HPRegen 0.09/turn               (no ring)
MPRegen 0.11/turn               (no ring)

@: no status effects
A: sickness immunity, AC +4, negative energy resistance 1, electricity
resistance, torment resistance 1, petrification resistance
a: no special abilities


You were on level 2 of the Dungeon.
You visited 1 branch of the dungeon, and saw 2 of its levels.

You collected 62 gold pieces.
You spent 15 gold pieces at shops.

Inventory:

Hand Weapons
 a - a +2 dagger (weapon)
Armour
 c - a +1 ring mail (worn)
Scrolls
 d - 4 scrolls of teleportation
 g - a scroll of blinking
Potions
 e - 2 potions of lignification
 f - a potion of degeneration {unknown}


   Skills:
 - Level 1.1 Fighting
 * Level 2.7 Short Blades
 - Level 3.2 Armour
 * Level 5.1 Stealth
 - Level 3.0 Spellcasting


You had 10 spell levels left.
You didn't know any spells.
Your spell library contained the following spells:

 Spells                   Type           Power      Damage    Failure   Level
 Foxfire                  Conj/Fire      4%         2x1d4     43%         1
 Inner Flame              Hex/Fire       1%         N/A       80%         3


Dungeon Overview and Level Annotations

Branches:
Dungeon (2/15)

Altars:

Shops:
D:1 *=:(


Innate Abilities, Weirdness & Mutations

You are immune to sickness and miasma.
Your stone body is resilient. (AC +4)
You are immune to poison.
You resist negative energy. (rN+)
You are resistant to electric shocks. (rElec)
You are resistant to unholy torment.
You are immune to petrification.


Message History

You hit the gnoll.
You kill the gnoll!
You see here a +0 spear.
The gnoll hits you with a +0 halberd.
You hit the gnoll. You punch the gnoll.
The gnoll is moderately wounded.
The gnoll hits you with a +0 halberd!
* * * LOW HITPOINT WARNING * * *
You hit the gnoll.
The gnoll is heavily wounded.
The gnoll closely misses you.
You hit the gnoll but do no damage.
The gnoll is heavily wounded.
The gnoll hits you with a +0 halberd.
* * * LOW HITPOINT WARNING * * *
You barely miss the gnoll.
The gnoll is heavily wounded.
The gnoll hits you but does no damage.
The gnoll shouts!
You hit the gnoll but do no damage.
The gnoll is heavily wounded.
The gnoll hits you but does no damage.
You hit the gnoll.
The gnoll is severely wounded.
The gnoll closely misses you.
You hit the gnoll.
You kill the gnoll!
You have reached level 5!
You see here a +0 spear.
There is a shaft here.
You hit the gnoll.
The gnoll is moderately wounded.
The gnoll hits you but does no damage.
You hit the gnoll.
The gnoll is heavily wounded.
The gnoll closely misses you.
You hit the gnoll.
The gnoll is severely wounded.
The gnoll hits you with a +0 whip.
You die...

.........#########
###..............#
# ##############.#
# #.# # #.# # #.#
# #.# ####### #.#
g.g...# #@#
#####.# #g# #g#
#.# #.# ####.# #g#
#^...# #.# #.####
###g# #.# #<..#
#.# #.### #.#


You could see a gnoll.

Vanquished Creatures
  A howler monkey (D:2)
  2 adders
  2 gnolls (D:2)
  A worm (D:2)
  4 endoplasms
  5 goblins
  3 hobgoblins
  4 quokkas
  5 ball pythons
  3 bats (D:1)
  4 frilled lizards
  5 kobolds
  4 rats
43 creatures vanquished.

Notes
Turn   | Place    | Note
-------+----------+-------------------------------------------
     0 | D:1      | greasedhog the Gargoyle Wanderer began the quest for the
                  | Orb.
     0 | D:1      | greasedhog set off with the following items: a +2 dagger, a
                  | scroll of fear, a +0 ring mail, a scroll of teleportation;
                  | and the following spell memorised: Foxfire; and the
                  | following spells available to memorise: Inner Flame.
     0 | D:1      | Reached XP level 1. HP: 12/12 MP: 4/4
    25 | D:1      | Found Rath's Vocational Training.
    49 | D:1      | Found Afem Ryn's Weapon Shoppe.
   158 | D:1      | Reached XP level 2. HP: 7/16 MP: 6/6
   414 | D:1      | Found a faded altar of an unknown god.
   434 | D:1      | Reached skill level 1 in Short Blades
   681 | D:1      | Found Iskept's Jewellery Shop.
   860 | D:1      | Found Yrigiet's Assorted Antiques.
   918 | D:1      | Bought a scroll labelled LIUSTR EHUCETYIR for 15 gold
                  | pieces
  1001 | D:2      | Reached skill level 4 in Stealth
  1001 | D:2      | Reached XP level 3. HP: 18/20 MP: 7/7
  2047 | D:2      | Reached XP level 4. HP: 12/25 MP: 8/8
  2458 | D:2      | Reached skill level 5 in Stealth
  2782 | D:2      | Reached XP level 5. HP: 3/29 MP: 9/9
  2802 | D:2      | Slain by a gnoll

Illustrated notes

Levels and vault maps discovered:
D:1:      ncdulo_halloftheorcs, layout_basic, serial_shops,
          nicolae_shop_hallway_plus, shop, nicolae_shop_statue_plus,
          basic_ecumenical_altar, serial_bayou_pond_e, nicolae_shop_vocational
D:2:      minmay_general_purpose_star, layout_loops_ring

Skill      XL: |  1  2  3  4 |
---------------+-------------+-----
Short Blades   | 1 2 |  2.7
Stealth        | 4 5 |  5.1
Fighting       | |  1.1
Armour         | |  3.2
Spellcasting   | |  3.0

Action                   |  1- 3 |  4- 6 || total
-------------------------+-------+-------++-------
Melee: Dagger            |   145 |    61 ||   206
       Punch             |     3 |     1 ||     4
  Use: Scroll            |     7 |     1 ||     8
 Stab: Sleeping          |     5 |       ||     5
Armor: Ring mail         |    73 |    29 ||   102
Dodge: Dodged            |    82 |    21 ||   103
